 Dungeon Crawl Stone Soup version 0.27-a0-604-g29a88b33a7 (webtiles) character file.

Game seed: 8292380856551101141

385 jestyr24 the Chucker (level 6, 0/63 HPs)
             Began as an Ogre Hunter on Mar 12, 2021.
             Slain by a sky beast (4 damage)
             ... on level 4 of the Dungeon.
             The game lasted 00:25:17 (5330 turns).

jestyr24 the Chucker (Ogre Hunter)                  Turns: 5330, Time: 00:25:19

Health: 0/63       AC:  3    Str: 18    XL:     6   Next: 77%
Magic:  0/6        EV: 10    Int: 12    God:
Gold:   161        SH:  0    Dex: 10    Spells: 5/5 levels left

rFire    . . .     SeeInvis .   y - +2 dagger (protect)
rCold    . . .     Faith    .   (no shield)
rNeg     . . .     Spirit   +   b - +0 robe
rPois    .         Reflect  .   (helmet restricted)
rElec    .         Harm     .   (no cloak)
rCorr    .         Rampage  .   (gloves unavailable)
Will     .....                  (boots unavailable)
Stlth    +.........             l - amulet of guardian spirit
HPRegen  0.20/turn              (no ring)
MPRegen  0.10/turn              (no ring)

@: no status effects
A: large, unfitting armour, horns 1, tough skin 1, evolution 1
a: no special abilities


You were on level 4 of the Dungeon.
You visited 1 branch of the dungeon, and saw 4 of its levels.

You collected 161 gold pieces.

Inventory:

Hand Weapons
 a - a +0 short sword
 n - a +0 spear
 y - a +2 dagger of protection (weapon)
 D - a +0 whip
Missiles
 c - 3 large rocks (quivered)
 d - 3 throwing nets
 e - 129 stones
 h - 27 poisoned darts
 r - 5 boomerangs
Armour
 b - a +0 robe (worn)
Jewellery
 g - a ring of ice
 l - an amulet of guardian spirit (around neck)
 C - a ring of flight
Wands
 t - a wand of digging (4)
 A - a wand of iceblast (11)
Scrolls
 i - 4 scrolls of teleportation {unknown}
 k - 3 scrolls of noise {unknown}
 m - 5 scrolls of identify
 p - a scroll of amnesia {unknown}
 s - a scroll of magic mapping {unknown}
 w - 2 scrolls of blinking {unknown}
 B - a scroll of enchant weapon {unknown}
Potions
 f - 2 potions of ambrosia
 j - a potion of attraction
 o - 2 potions of flight {unknown}
 q - a potion of brilliance {unknown}
 u - a potion of degeneration {unknown}
 v - 2 potions of curing {unknown}
 x - 3 potions of heal wounds
 z - 2 potions of lignification {unknown}


   Skills:
 + Level 4.7 Fighting
 + Level 6.5 Throwing
 + Level 3.2 Dodging
 - Level 0.6 Stealth


You had 5 spell levels left.
You didn't know any spells.
Your spell library was empty.

Dungeon Overview and Level Annotations

Branches:
Dungeon (4/15)
 Temple: D:4-7

Altars:
Uskayaw
Wu Jian


Innate Abilities, Weirdness & Mutations

You are too large for most types of armour.
You have tough skin. (AC +1)
You have a pair of small horns on your head.
You evolve.


Message History

You hit something.
Your weapon exudes an aura of protection.
Your headbutt misses something. Something hits you but does no damage.
You hit something. You headbutt something.
A sky beast appears from thin air!
Reactivating autopickup.
The sky beast hits you. The sky beast shocks you.
You hit the sky beast but do no damage.
The sky beast is severely wounded.
The sky beast flickers out of sight!
Deactivating autopickup; reactivate with Ctrl-A.
Something hits you but does no damage.
You miss something. Something hits you but does no damage.
You closely miss something. Something hits you but does no damage.
You closely miss something. Something hits you. Something shocks you.
* * * LOW HITPOINT WARNING * * *
You barely miss something.
A sky beast appears from thin air!
Reactivating autopickup.
The sky beast hits you.
* * * LOW HITPOINT WARNING * * *
The sky beast shocks you.
* * * LOW HITPOINT WARNING * * *
Okay, then.
Throw: 5 large rocks
Press: ? - help, Q - select action, (/) - cycle Shift-Dir - straight line, f - sky beast
Aim: a sky beast (rain, heavily wounded, 51% to hit)
You throw a large rock.
The large rock completely misses the sky beast.
The sky beast hits you.
* * * LOW HITPOINT WARNING * * *
The sky beast shocks you.
* * * LOW HITPOINT WARNING * * *
The sky beast closely misses you.
You feel a genetic drift.
You begin to regenerate regardless of the presence of monsters.
Throw: 4 large rocks
Press: ? - help, Q - select action, (/) - cycle Shift-Dir - straight line, f/p - sky beast
Aim: a sky beast (heavily wounded, 51% to hit)
You throw a large rock.
The large rock barely misses the sky beast.
The sky beast hits you.
You die...

##<###.._≈.........# .
##...####.#)........# #.
#...........)........ #.
##...###............. #>
##.####.....#.......
#.#....).{(...###...#.
##...####.....# #...#.
##>##.####.....# ##.##.
#....§@....#.######.##.
#.####Y####.............
## #.# ##............
#.####.<..........#
#......#.########..
######..<# ### #####


You could see a sky beast.

Vanquished Creatures
  A sky beast (D:3)
  A scorpion (D:4)
  An orc priest (D:3)
  An iguana (D:4)
  Ijyb (D:3)
  Terence (D:2)
  A worker ant (D:4)
  4 adders
  An ooze (D:3)
  An adder skeleton (D:4)
  2 dart slugs (D:1)
  2 leopard geckos (D:3)
  7 orcs
  2 ball pythons
  A giant cockroach (D:4)
  7 goblins
  2 hobgoblins (D:2)
  4 quokkas
  5 bats
  4 frilled lizards
  4 kobolds
  9 rats
62 creatures vanquished.

Notes
Turn   | Place    | Note
-------+----------+-------------------------------------------
     0 | D:1      | jestyr24 the Ogre Hunter began the quest for the Orb.
     0 | D:1      | Reached XP level 1. HP: 22/22 MP: 1/1
   237 | D:1      | Reached XP level 2. HP: 27/29 MP: 2/2
   873 | D:2      | Reached XP level 3. HP: 24/36 MP: 1/3
  1180 | D:2      | Reached skill level 5 in Throwing
  1644 | D:2      | Found an ornate altar of the Wu Jian Council.
  1712 | D:2      | Noticed Terence
  1715 | D:2      | Killed Terence
  1716 | D:2      | Reached XP level 4. HP: 45/45 MP: 4/4
  2453 | D:3      | Reached XP level 5. HP: 29/54 MP: 3/5
  2793 | D:3      | Noticed Ijyb
  2835 | D:3      | Killed Ijyb
  3069 | D:3      | Noticed a sky beast
  4010 | D:3      | Gained mutation: You do not regenerate when monsters are
                  | visible. [potion of mutation]
  4010 | D:3      | Gained mutation: You evolve. [potion of mutation]
  4010 | D:3      | Gained mutation: You have a pair of small horns on your
                  | head. [potion of mutation]
  4205 | D:3      | Killed a sky beast
  4206 | D:3      | Reached skill level 6 in Throwing
  4206 | D:3      | Reached XP level 6. HP: 45/63 MP: 6/6
  4410 | D:4      | Found a hide-covered altar of Uskayaw.
  5120 | D:4      | Noticed a sky beast
  5329 | D:4      | Lost mutation: You do not regenerate when monsters are
                  | visible. [evolution]
  5330 | D:4      | Slain by a sky beast

Illustrated notes

Levels and vault maps discovered:
D:1:      dpeg_arrival_refuge, layout_basic
D:2:      layout_loops_ring, lemuel_round_altar, bh_walls_and_bars, uniq_terence
D:3:      layout_basic, uniq_ijyb
D:4:      layout_loops_ring, lemuel_crystal_altar, minmay_misc_feat_rows

Skill      XL: |  1  2  3  4  5  6 |
---------------+-------------------+-----
Fighting       | 3 4 |  4.7
Throwing       | 5 6 |  6.5
Dodging        | 2 3 |  3.2
Stealth        | |  0.6

Action                   |  1- 3 |  4- 6 || total
-------------------------+-------+-------++-------
Melee: Short sword       |    18 |       ||    18
       Spear             |    60 |    58 ||   118
       Dagger            |       |   161 ||   161
       Headbutt          |       |    16 ||    16
Throw: Stone             |    34 |    50 ||    84
       Boomerang         |    12 |    26 ||    38
       Large rock        |     2 |     4 ||     6
  Use: Potion            |     1 |     2 ||     3
       Scroll            |       |     1 ||     1
 Stab: Sleeping          |     2 |     2 ||     4
       Distracted        |     1 |       ||     1
Armor: Robe              |    35 |    90 ||   125
Dodge: Dodged            |    49 |    86 ||   135

Table legend: (Time is in decaauts)
 A = Elapsed time spent in this place.
 B = Non-inter-level travel time spent in this place.
 C = Inter-level travel time spent in this place.
 D = Time resting spent in this place.
 E = Time spent auto-exploring this place.
 F = Levels seen in this place.
 G = Mean time per level.
                   A        B        C        D        E       F      G
               +--------+--------+--------+--------+--------+-----+--------+
         Total |   5335 |   5164 |    171 |   1621 |   2534 |   4 | 1333.8 |
       Dungeon |   5335 |   5164 |    171 |   1621 |   2534 |   4 | 1333.8 |
               +--------+--------+--------+--------+--------+-----+--------+

Top non-repeatable levels by time:
     D:3: 1899 daAuts
     D:2: 1593 daAuts
     D:1: 1047 daAuts
     D:4: 794 daAuts
